 Dungeon Crawl Stone Soup version 0.20-a0-1006-ge6c5631 (webtiles) character file.

352 Lifeless the Chopper (level 6, 0/47 HPs)
             Began as a Human Wanderer on Apr 13, 2017.
             Was an Initiate of Okawaru.
             Slain by a frilled lizard (2 damage)
             ... on level 4 of the Dungeon.
             The game lasted 00:17:47 (3651 turns).

Lifeless the Chopper (Human Wanderer)               Turns: 3651, Time: 00:17:47

Health: 0/47       AC: 11    Str: 17    XL:     6   Next: 93%
Magic:  7/7        EV: 11    Int:  8    God:    Okawaru [......]
Gold:   141        SH:  0    Dex: 18    Spells: 7/7 levels left

rFire    + . .     SeeInvis .   a - +2 hand axe
rCold    . . .     Gourm    .   (no shield)
rNeg     . . .     Faith    .   t - +1 scale mail {rF+}
rPois    .         Spirit   .   w - +0 helmet
rElec    .         Reflect  .   (no cloak)
rCorr    .         Harm     .   (no gloves)
MR       .....                  v - +0 pair of boots
Stlth    ..........             (no amulet)
Regen    0.2/turn               y - +1 ring of protection
MPRegen  0.1/turn               q - +4 ring of dexterity

@: no status effects
A: no striking features
a: Renounce Religion


You were on level 4 of the Dungeon.
You worshipped Okawaru.
Okawaru was noncommittal.
You were not hungry.

You visited 2 branches of the dungeon, and saw 5 of its levels.

You collected 141 gold pieces.

Inventory:

Hand Weapons
 a - a +2 hand axe (weapon)
 b - a +0 dagger of venom
Armour
 t - a +1 scale mail of fire resistance (worn)
 v - a +0 pair of boots (worn)
 w - a +0 helmet (worn)
Jewellery
 h - an uncursed ring of positive energy
 q - a +4 ring of dexterity (right hand)
 y - a +1 ring of protection (left hand)
Wands
 e - a wand of confusion (16/48)
 s - a wand of confusion (20/48)
Scrolls
 g - a scroll of immolation {unknown}
 i - 2 scrolls of fog {unknown}
 j - 2 scrolls of enchant armour {unknown}
 l - 3 scrolls of teleportation {unknown}
 n - a scroll of fear {unknown}
 o - 2 scrolls of enchant weapon {unknown}
 p - a scroll of remove curse
 u - a scroll of amnesia {unknown}
Potions
 d - a potion of agility
 f - 2 potions of brilliance
 m - a potion of lignification
 x - a potion of cancellation {unknown}
Comestibles
 c - 4 bread rations
 r - 2 meat rations


   Skills:
 + Level 3.5 Fighting
 * Level 4.2 Axes
 - Level 1.0 Throwing
 + Level 3.2 Armour
 + Level 2.6 Dodging
   Level 1.0 Shields
 - Level 1.0 Spellcasting
   Level 2.0 Hexes


You had 7 spell levels left.
You didn't know any spells.

Dungeon Overview and Level Annotations

Branches:
Dungeon (4/15)             Temple (1/1) D:4

Altars:
Cheibriados
Dithmenos
Elyvilon
Fedhas
Hepliaklqana
Kikubaaqudgha
Makhleb
Okawaru
Ru
Sif Muna
Trog
Uskayaw
Vehumet
Wu Jian
Xom
Yredelemnul
Zin
Lugonu

Annotations:
D:4 Pikel


Message History

* * * LOW HITPOINT WARNING * * *
The slave barely misses you.
You hit the giant cockroach.
The giant cockroach is almost dead.
You hit the slave.
The giant cockroach bites you but does no damage.
The slave hits you but does no damage.
You hit the giant cockroach but do no damage.
The giant cockroach is almost dead.
You hit the slave.
The giant cockroach bites you but does no damage. x2
The slave hits you.
* * * LOW HITPOINT WARNING * * *
You slash the giant cockroach!
You kill the giant cockroach!
Okawaru accepts your kill.
You closely miss the slave. The slave closely misses you.
The frilled lizard barely misses you. The frilled lizard bites you.
You die...

#.# ######## #.#.# ####
#g####......###.#.# .....
#g#.............#.#
......#.#..........##.#.########
.........................)รท.....
......#...............##########
......#............#### .....
#............# .....
#.....(..@##.# ....
#.......l.##.# ....
#.......p.##.# #.........##.#
#.........##.# #.........##.#
#.........# #.........#
###.........#


You could see a slave and a frilled lizard.

Vanquished Creatures
  A slave (D:4)
  2 orc priests
  Jessica (D:3)
  Ijyb (D:4)
  Natasha (thrice) (D:3)
  3 gnolls (D:4)
  5 adders
  3 worms
  2 dart slugs
  2 leopard geckos
  7 orcs (D:3)
  7 giant cockroaches
  6 goblins
  6 hobgoblins
  4 jackals (D:1)
  A ball python (D:1)
  6 bats
  4 frilled lizards
  8 kobolds
  13 rats
85 creatures vanquished.

Notes
Turn   | Place    | Note
-------+----------+-------------------------------------------
     0 | D:1      | Lifeless the Human Wanderer began the quest for the Orb.
     0 | D:1      | Lifeless set off with: a +2 hand axe, a +0 ring mail, a bread ration
     0 | D:1      | Reached XP level 1. HP: 16/16 MP: 2/2
   123 | D:1      | Reached XP level 2. HP: 19/22 MP: 3/3
   382 | D:1      | Reached XP level 3. HP: 27/27 MP: 4/4
  1040 | D:2      | Reached skill level 3 in Axes
  1040 | D:2      | Reached skill level 1 in Dodging
  1040 | D:2      | Reached XP level 4. HP: 34/34 MP: 5/5
  1306 | D:2      | Found a shadowy altar of Dithmenos.
  1309 | D:2      | Found a radiant altar of Vehumet.
  1312 | D:2      | Found a glowing silver altar of Zin.
  2038 | D:3      | Found an ancient bone altar of Kikubaaqudgha.
  2055 | D:3      | Found a faded altar of an unknown god.
  2110 | D:3      | Noticed Jessica
  2131 | D:3      | Killed Jessica
  2131 | D:3      | Reached XP level 5. HP: 38/39 MP: 6/6
  2219 | D:3      | Noticed Natasha
  2229 | D:3      | Killed Natasha
  2399 | D:3      | Found a sacrificial altar of Ru.
  2400 | D:3      | Noticed Natasha
  2406 | D:3      | Killed Natasha
  2525 | D:3      | Found a snail-covered altar of Cheibriados.
  2558 | D:3      | Noticed Natasha
  2564 | D:3      | Killed Natasha
  2564 | D:3      | Reached XP level 6. HP: 33/46 MP: 7/7
  2710 | D:3      | Found an ancient bone altar of Kikubaaqudgha.
  3045 | D:3      | You fall through a shaft!
  3294 | D:4      | Noticed Ijyb
  3327 | D:4      | Killed Ijyb
  3327 | D:4      | Reached skill level 4 in Axes
  3452 | D:4      | Found a hazy altar of Hepliaklqana.
  3453 | D:4      | Found a blossoming altar of Fedhas.
  3453 | D:4      | Found a deep blue altar of Sif Muna.
  3479 | D:4      | Found a staircase to the Ecumenical Temple.
  3485 | Temple   | Entered the Ecumenical Temple
  3521 | Temple   | Became a worshipper of Warmaster Okawaru
  3567 | D:4      | Noticed a slave
  3567 | D:4      | Noticed a slave
  3569 | D:4      | Noticed Pikel
  3593 | D:4      | Killed a slave
  3647 | D:4      | HP: 1/47 [slave[Pikel] (3)]
  3651 | D:4      | Slain by a frilled lizard

Vault maps used:
D:1:      dpeg_arrival_shelter, serial_bayou_pond_e
D:2:      grunt_temple_overflow_diamond, first_bread
D:3:      kennysheep_slug_shrine, kiku_gazebo_garden_becter,
          chequers_ecumenical_altar_island, kennysheep_flooded_box,
          grunt_ministairs_5, minivault_19, minmay_misc_feat_five,
          nicolae_ru_the_path_less_chosen, uniq_jessica, uniq_natasha
D:4:      nicolae_overflow_hidden_temple, minmay_temple_entry_hall,
          uniq_menkaure, uniq_iyjb, uniq_duvessa, uniq_pikel
Temple:   corrupted_temple

Skill      XL: |  1  2  3  4  5  6 |
---------------+-------------------+-----
Armour         | 2 3 |  3.2
Axes           | 3 4 |  4.2
Dodging        | 1 2 |  2.6
Fighting       | 3 |  3.5
Throwing       | |  1.0
Shields        | |  1.0
Spellcasting   | |  1.0
Hexes          | |  2.0

Action                   |  1- 3 |  4- 6 || total
-------------------------+-------+-------++-------
Melee: Hand axe          |   100 |   184 ||   284
Evoke: Wand              |       |     1 ||     1
  Use: Potion            |       |     3 ||     3
       Scroll            |       |     6 ||     6
  Eat: Chunk             |       |     9 ||     9
Armor: Ring mail         |    37 |     2 ||    39
       Scale mail        |       |    82 ||    82
Dodge: Dodged            |    43 |   120 ||   163
